Map: Ruines de Seras

Players

Malann

  • Race: Protoss Protoss
  • League: Diamond

Worming - Winner!

  • Race: Zerg Zerg
  • League: Diamond

VOD

Have the link to the VOD?

Description

Time

  • Played on: Nov. 12, 2015, 1:46 p.m.
  • Length: 11:20
Show
View Real Time Build Order
Export as new Build Order

Malann Protoss 

Build Orders: Nexus First 

Get SALT Encoding   

  12  0:01  Probe (Chrono Boost)  
  13  0:14  Pylon  
  13  0:18  Probe (Chrono Boost)  
  14  0:28  Probe (Chrono Boost)  
  15  0:39  Probe (Chrono Boost)  
  17  0:50  Probe (Chrono Boost)  
  17  1:01  Nexus  
  17  1:13  Gateway  
  17  1:19  Probe (Chrono Boost)  
  17  1:24  Assimilator  
  18  1:28  Assimilator  
  18  1:32  Probe (Chrono Boost)  
  19  1:43  Probe (Chrono Boost)  
  20  1:55  Probe (Chrono Boost)  
  20  1:59  Pylon  
  21  2:01  Cybernetics Core  
  21  2:06  Probe (Chrono Boost)  
  23  2:15  Probe (Chrono Boost)  
  23  2:16  Probe (Chrono Boost)  
  23  2:20  Zealot  
  26  2:26  Probe (Chrono Boost)  
  27  2:33  Probe (Chrono Boost)  
  29  2:38  Mothership Core (Chrono Boost)  
  29  2:43  Probe (Chrono Boost)  
  31  2:47  Warp Gate  
  33  2:52  Adept  
  33  2:54  Probe (Chrono Boost)  
  34  3:03  Probe (Chrono Boost)  
  34  3:05  Probe (Chrono Boost)  
  36  3:13  Probe (Chrono Boost)  
  36  3:19  Twilight Council  
  37  3:21  Gateway  
  37  3:23  Probe (Chrono Boost)  
  37  3:26  Probe (Chrono Boost)  
  41  3:27  Sentry  
  41  3:33  Probe (Chrono Boost)  
  42  3:39  Robotics Facility  
  42  3:40  Probe (Chrono Boost)  
  43  3:44  Probe (Chrono Boost)  
  44  3:50  Pylon  
  44  3:51  Probe (Chrono Boost)  
  44  3:54  Probe (Chrono Boost)  
  46  4:08  Probe x2 (Chrono Boost)  
  48  4:10  Assimilator  
  48  4:17  Gateway  
  48  4:19  Probe x2 (Chrono Boost)  
  48  4:22  Blink, Stalker  
  52  4:29  Probe x2 (Chrono Boost), Assimilator  
  54  4:33  Pylon  
  54  4:51  Probe x2 (Chrono Boost), Warp Prism  
  58  5:01  Stalker  
  58  5:02  Probe x2 (Chrono Boost)  
  62  5:18  Robotics Bay  
  62  5:21  Pylon  
  62  5:22  Pylon  
  62  5:28  Pylon  
  62  5:38  Pylon  
  62  5:39  Probe x2 (Chrono Boost), Observer  
  62  5:41  Gateway  
  65  5:43  Zealot x2  
  71  5:50  Probe x2 (Chrono Boost)  
  71  5:54  Nexus  
  71  5:56  Pylon  
  71  5:59  Pylon  
  71  6:00  Probe (Chrono Boost), Pylon  
  71  6:01  Stalker  
  71  6:03  Probe (Chrono Boost)  
  75  6:06  Immortal  
  79  6:12  Probe (Chrono Boost)  
  79  6:16  Pylon  
  80  6:19  Probe (Chrono Boost)  
  80  6:21  Stalker  
  80  6:22  Sentry  
  85  6:27  Probe (Chrono Boost)  
  86  6:34  Probe (Chrono Boost), Robotics Facility  
  86  6:37  Probe (Chrono Boost)  
  88  6:44  Probe (Chrono Boost)  
  88  6:46  Colossus (Chrono Boost)  
  95  6:48  Probe (Chrono Boost)  
  96  6:55  Probe (Chrono Boost)  
  98  7:01  Probe (Chrono Boost)  
  98  7:03  Extended Thermal Lance  
  98  7:04  Sentry  
  98  7:05  Stalker x2  
  98  7:06  Probe (Chrono Boost)  
  98  7:07  Probe (Chrono Boost)  
  106  7:25  Stalker  
  112  7:31  Gateway  
  112  7:35  Gateway  
  112  7:36  Gateway, Colossus (Chrono Boost)  
  112  7:45  Colossus (Chrono Boost), Stalker  
  112  7:46  Stalker x2  
  124  8:02  Assimilator  
  122  8:07  Assimilator  
  122  8:10  Stalker x3  
  128  8:30  Colossus (Chrono Boost)  
  128  8:31  Colossus (Chrono Boost)  
  128  8:41  Pylon  
  128  8:55  Pylon  
  128  8:59  Stalker x3  
  128  9:01  Zealot x4  
  142  9:05  Gateway  
  142  9:08  Gateway  
  148  9:18  Colossus (Chrono Boost)  
  148  9:19  Nexus  
  148  9:20  Forge  
  148  9:23  Colossus (Chrono Boost), Pylon  
  154  9:25  Pylon, Forge  
  154  9:30  Sentry  
  156  9:37  Pylon  
  156  9:39  Pylon  
  156  9:41  Pylon  
  156  9:48  Stalker x3  
  161  10:05  Immortal (Chrono Boost)  
  135  10:10  Stalker x3  
  135  10:11  Stalker x2  
  83  10:30  Stalker x2  
  87  10:41  Observer (Chrono Boost)  
  88  10:48  Zealot x2  
  88  10:49  Zealot  
  94  10:56  Nexus  
  94  11:11  Zealot x2  
Show
View Real Time Build Order
Export as new Build Order

Worming Zerg - Winner!

Build Orders: Hatch First, Lurkers 

Get SALT Encoding   

  12  0:01  Drone  
  13  0:12  Overlord  
  13  0:18  Drone  
  14  0:31  Drone x2  
  14  0:34  Drone  
  17  0:45  Drone  
  18  0:58  Hatchery  
  18  1:01  Drone  
  18  1:14  Spawning Pool  
  18  1:17  Drone  
  18  1:21  Drone  
  19  1:28  Drone  
  20  1:40  Overlord  
  20  2:01  Queen  
  20  2:02  Zergling x4  
  24  2:14  Drone  
  26  2:22  Drone  
  26  2:23  Drone x2  
  28  2:33  Overlord  
  28  2:34  Drone  
  29  2:39  Queen  
  29  2:42  Hatchery  
  30  2:46  Extractor  
  30  2:48  Drone x2  
  29  3:06  Zergling x2  
  29  3:07  Zergling x6  
  33  3:13  Queen  
  35  3:27  Drone x5  
  40  3:35  Queen  
  42  3:49  Queen  
  42  3:50  Overlord x2  
  44  4:06  Drone x3  
  44  4:07  Drone x3  
  50  4:11  Drone x2  
  50  4:14  Lair, Extractor  
  50  4:16  Roach Warren  
  50  4:32  Extractor  
  50  4:33  Drone, Extractor  
  50  4:34  Drone x2  
  50  4:35  Drone x3  
  54  4:40  Overlord  
  54  4:55  Drone x5  
  54  4:56  Drone x6  
  65  5:03  Evolution Chamber  
  64  5:21  Drone x3  
  67  5:22  Drone x4  
  67  5:23  Drone x2  
  67  5:25  Extractor  
  67  5:26  Extractor  
  71  5:32  Overlord x2  
  71  5:33  Overlord x2  
  71  5:34  Zerg Missile Weapons Level 1, Glial Reconstitution  
  70  5:38  Hydralisk Den  
  69  5:44  Drone x2  
  71  5:50  Drone x2  
  71  5:51  Drone x3, Hatchery  
  71  5:52  Drone  
  76  5:57  Roach x2  
  76  6:02  Overlord x2  
  80  6:08  Muscular Augments  
  80  6:19  Roach  
  80  6:20  Roach x9  
  100  6:35  Spine Crawler  
  99  6:56  Spine Crawler  
  99  6:57  Spine Crawler  
  99  7:01  Spore Crawler, Drone x3, Spine Crawler  
  96  7:02  Spine Crawler  
  96  7:03  Drone x2  
  96  7:04  Drone x3  
  96  7:05  Hydralisk  
  96  7:06  Hydralisk x8  
  120  7:11  Overlord x2  
  120  7:41  Hydralisk x4  
  120  7:42  Roach x5, Hydralisk  
  137  7:44  Lurker Den  
  137  7:45  Zerg Missile Weapons Level 2  
  137  7:46  Tunneling Claws  
  137  7:49  Burrow  
  137  7:53  Infestation Pit  
  114  8:21  Roach x12  
  114  8:22  Roach x2  
  136  8:30  Roach x7  
  136  8:34  Roach  
  136  8:41  Ravager x5  
  141  8:53  Hydralisk  
  143  8:56  Overlord x4  
  143  8:57  Overlord x3  
  143  9:14  Lurker x5  
  143  9:15  Extractor  
  143  9:16  Hive  
  147  9:18  Zergling x2  
  147  9:19  Zergling x18  
  147  9:20  Zergling x2  
  158  9:25  Overseer  
  158  9:32  Pneumatized Carapace  
  158  9:35  Extractor  
  158  9:37  Drone x4  
  161  9:57  Hatchery  
  125  10:09  Hydralisk x3  
  125  10:10  Roach x5, Hydralisk x4  
  125  10:11  Roach x5  
  134  10:27  Roach  
  134  10:28  Roach x8  
  146  10:36  Hydralisk  
  146  10:37  Hydralisk x3  
  154  10:48  Roach  
  154  10:49  Roach x5  
Tags
 
Add a new tag
Caveats
  • Supply blocks, unpowered buildings, or Contaminate may cause inaccurate times.
  • Supply counts are checked every 10 seconds.